 Dungeon Crawl Stone Soup version 0.30-a0-691-g754fce4c43 (webtiles) character file.

Game seed: 13939893711732000741

2377 gelatine the Firebug (level 9, 0/65 HPs)
             Began as a Demonspawn Fire Elementalist on Jan 20, 2023.
             Was an Initiate of Sif Muna.
             Slain by a steam dragon (2 damage)
             ... on level 7 of the Dungeon.
             The game lasted 00:21:09 (8146 turns).

gelatine the Firebug (Demonspawn Fire Elementalist) Turns: 8146, Time: 00:21:10

Health: 0/65       AC:  2    Str:  8    XL:     9   Next: 21%
Magic:  12/26      EV: 13    Int: 22    God:    Sif Muna [......]
Gold:   327        SH:  0    Dex: 13    Spells: 16/19 levels left

rFire   + . .      SeeInvis .    y - +7 trident "Concordance" {heavy, rF+ rN+ rCorr}
rCold   . . .      Faith    .    (no shield)
rNeg    + . .      Spirit   .    a - +0 robe
rPois   +          Reflect  .    (helmet restricted)
rElec   .          Harm     .    (no cloak)
rCorr   +          Rampage  .    (no gloves)
Will    .....                    (no boots)
Stlth   ++                       (no amulet)
HPRegen 0.30/turn                c - ring of magical power
MPRegen 0.20/turn                x - ring of poison resistance

@: no status effects
A: antennae 1, claws 1, hooves 1, demonic guardian 2, foul stench 1
a: Renounce Religion


You were on level 7 of the Dungeon.
You worshipped Sif Muna.
Sif Muna was noncommittal.
You visited 2 branches of the dungeon, and saw 8 of its levels.
You also visited: Ossuary.

You collected 327 gold pieces.

Inventory:

Hand Weapons
 d - a +2 dagger of speed
 y - the +7 trident "Concordance" (weapon) {heavy, rF+ rN+ rCorr}
   (You found it on level 5 of the Dungeon)

   rF:        It protects you from fire.
   rN:        It protects you from negative energy.
   rCorr:     It protects you from acid and corrosion.
 A - a +2 short sword of venom
Missiles
 z - a throwing net
Armour
 a - a +0 robe (worn)
Jewellery
 c - a ring of magical power (left claw)
 f - the ring of Moepp {Ice Dex+3}
   (You found it on level 3 of the Dungeon)

   [ring of ice]

   It enhances your ice magic.
   Dex:       It affects your dexterity (+3).
   rF:        It makes you vulnerable to fire.
   rC:        It protects you from cold.
 x - a ring of poison resistance (right claw)
Wands
 k - a wand of flame (16)
 t - a wand of acid (5)
 C - a wand of paralysis (5)
Scrolls
 e - 4 scrolls of poison
 g - a scroll of enchant armour
 h - 3 scrolls of amnesia
 i - a scroll of blinking {unknown}
 j - a scroll of noise {unknown}
 m - 2 scrolls of brand weapon {unknown}
 p - 3 scrolls of fear {unknown}
 q - a scroll of vulnerability {unknown}
 r - 2 scrolls of teleportation {unknown}
 u - a scroll of torment {unknown}
 v - a scroll of enchant weapon
 D - 3 scrolls of fog
Potions
 b - 3 potions of brilliance
 l - a potion of curing
 n - 4 potions of heal wounds
 o - 3 potions of flight
 s - a potion of ambrosia
 w - a potion of magic
 B - 2 potions of lignification
 E - a potion of mutation
 F - 2 potions of cancellation {unknown}


   Skills:
 * Level 3.7 Fighting
 + Level 1.2 Polearms
 * Level 4.2 Dodging
 + Level 3.2 Stealth
 + Level 5.5 Spellcasting
 * Level 5.0 Conjurations
 * Level 7.1 Fire Magic


You had 16 spell levels left.
You knew the following spells:

 Your Spells              Type           Power      Damage    Failure   Level
a - Foxfire               Conj/Fire      100%       2x1d9     1%          1
b - Scorch                Fire           74%        2d9       1%          2

Your spell library contained the following spells:

 Spells                   Type           Power      Damage    Failure   Level
 Inner Flame              Hex/Fire       21%        N/A       7%          3
 Flame Wave               Conj/Fire      32%        2d9       8%          4
 Apportation              Tloc           12%        N/A       10%         1
 Necrotise                Necr           24%        1d5       10%         1
 Kindle Blastsparks       Fire/Tloc/Air  32%        2d12      11%         3
 Lesser Beckoning         Tloc           12%        N/A       14%         2
 Gell's Gravitas          Tloc           6%         N/A       28%         3
 Teleport Other           Tloc           6%         N/A       28%         3
 Vampiric Draining        Necr           6%         2d6       28%         3
 Agony                    Necr           6%         N/A       95%         5
 Alistair's Intoxication  Tmut/Pois      4%         N/A       95%         5


Dungeon Overview and Level Annotations

Branches:
Dungeon (7/15)             Temple (1/1) D:5         Ossuary (visited)

Altars:
Ashenzari
Cheibriados
Dithmenos
Fedhas
Gozag
Hepliaklqana
Kikubaaqudgha
Makhleb
Nemelex Xobeh
Okawaru
Qazlal
Ru
Sif Muna
Trog
Uskayaw
Vehumet
Wu Jian
Xom
Yredelemnul

Annotations:
D:7 Maggie


Innate Abilities, Weirdness & Mutations

You have a pair of small antennae on your head.
You have sharp fingernails.
You have large cloven feet.
A demonic guardian rushes to your aid.
You may rarely emit foul miasma when damaged in melee.


Message History

You puncture the steam dragon!
The steam dragon is almost dead.
The foxfire hits the steam dragon.
The steam dragon is almost dead.
The foxfire hits Maggie.
Maggie is lightly wounded.
The steam dragon breathes steam at you. The ball of steam misses you.
You closely miss the steam dragon.
The steam dragon is almost dead.
The steam dragon closely misses you. x2; Maggie completely misses you.
The steam dragon closely misses you.
The steam dragon claws you but does no damage.
Maggie hits you with a +2 morningstar of flaming!
Maggie burns you.
You barely miss the steam dragon. Your kick misses the steam dragon.
The steam dragon is almost dead.
The steam dragon barely misses you. The steam dragon claws you.
Maggie hits you with a +2 morningstar of flaming!
Maggie burns you.
Maggie hits you with a +2 morningstar of flaming!
* * * LOW HITPOINT WARNING * * *
You emit a cloud of foul miasma!
The steam dragon bites you.
* * * LOW HITPOINT WARNING * * *
The steam dragon barely misses you. The steam dragon breathes steam at you.
The ball of steam hits you. You resist.
* * * LOW HITPOINT WARNING * * *
A demonic guardian appears!
Maggie is engulfed in dark miasma.
Maggie is poisoned.
There is a stone staircase leading up here.
The orc closely misses you.
Maggie hits you with a +2 morningstar of flaming!
* * * LOW HITPOINT WARNING * * *
Maggie burns you.
* * * LOW HITPOINT WARNING * * *
The steam dragon bites you.
* * * LOW HITPOINT WARNING * * *
The steam dragon claws you.
You die...

#......<..
######..## #
#.).o.. ### .#####
#.s##)## #..
.........# #...
.§##.....##.5..5###
.§...(......... #
##§§4........... #
#§@o.).......... #
#§D@............ #
#....○§......s.....
#
####............>..
# #.........
#.........
#........#
#........#
#........


You could see Maggie (poisoned), a steam dragon (catching breath), an orc (ally
target) and a friendly orange demon (summoned).

Vanquished Creatures
  Pikel (D:6)
  2 steam dragons
  A water moccasin (D:6)
  3 ice beasts (D:6)
  An ogre (D:3)
  A kobold brigand (D:6)
  2 bullfrogs (D:6)
  2 necrophages
  6 scorpions (D:6)
  A howler monkey (D:6)
  A centaur zombie (Ossuary)
  2 human zombies (Ossuary)
  An orc priest (D:5)
  A gnoll bouda (D:5)
  2 iguanas
  An orc wizard (D:7)
  2 mummies (Ossuary)
  3 gnolls (D:5)
  13 adders
  An ufetubus (D:7)
  A dart slug (D:1)
  12 orcs
  6 endoplasms
  4 giant cockroaches
  7 goblins
  A hobgoblin (D:2)
  2 jackals (D:2)
  8 ball pythons
  9 bats
  3 frilled lizards
  3 goblin zombies (Ossuary)
  14 hobgoblin zombies (Ossuary)
  A jackal zombie (Ossuary)
  8 kobolds
  6 kobold zombies (Ossuary)
  9 orc zombies (Ossuary)
  3 rats
144 creatures vanquished.

Vanquished Creatures (collateral kills)
  A centaur zombie (Ossuary)
  A gnoll (D:5)
  6 foxfires (D:6)
8 creatures vanquished.

Vanquished Creatures (others)
  A sky beast (D:7)
  A bat (D:3)
  556 foxfires
  3 fungi (D:6)
561 creatures vanquished.

Grand Total: 713 creatures vanquished

Notes
Turn   | Place    | Note
-------+----------+-------------------------------------------
     0 | D:1      | gelatine the Demonspawn Fire Elementalist began the quest
                  | for the Orb.
     0 | D:1      | Reached XP level 1. HP: 13/13 MP: 3/3
   512 | D:1      | Reached skill level 3 in Fire Magic
   512 | D:1      | Gained mutation: A weak demonic guardian rushes to your
                  | aid. [demonic ancestry]
   512 | D:1      | Reached XP level 2. HP: 19/19 MP: 5/5
  1540 | D:2      | Reached XP level 3. HP: 24/24 MP: 6/6
  1929 | D:2      | You fall into a shaft and drop 2 floors!
  1950 | D:4      | Learned a level 2 spell: Scorch
  1954 | D:4      | Found a sand-covered staircase.
  1958 | Ossuary  | Entered an ossuary
  2563 | Ossuary  | Discovered your monstrous ancestry.
  2563 | Ossuary  | Gained mutation: You have sharp fingernails. [demonic
                  | ancestry]
  2563 | Ossuary  | Reached XP level 4. HP: 7/30 MP: 1/8
  2601 | Ossuary  | Gained mutation: You have a pair of small antennae on your
                  | head. [demonic ancestry]
  2601 | Ossuary  | Reached XP level 5. HP: 19/35 MP: 7/9
  3574 | D:3      | Noticed an ogre
  3580 | D:3      | Killed an ogre
  3581 | D:3      | Reached skill level 4 in Fire Magic
  3581 | D:3      | Reached XP level 6. HP: 41/41 MP: 11/11
  4294 | D:3      | Identified the ring of Moepp {Ice Dex+3}
  5260 | D:5      | Entered Level 5 of the Dungeon
  5295 | D:5      | Found a staircase to the Ecumenical Temple.
  5514 | D:5      | Identified the +7 trident "Concordance" {heavy, rF+ rN+
                  | rCorr}
  5595 | D:5      | HP: 1/42 [gnoll/+0 spear[a gnoll bouda] (2)]
  5598 | D:5      | Reached skill level 1 in Fighting
  6010 | D:5      | Gained mutation: You may rarely emit foul miasma when
                  | damaged in melee. [demonic ancestry]
  6010 | D:5      | Reached XP level 7. HP: 48/48 MP: 13/13
  6609 | D:6      | Reached skill level 5 in Fire Magic
  6838 | D:6      | Gained mutation: A demonic guardian rushes to your aid.
                  | [demonic ancestry]
  6838 | D:6      | Reached XP level 8. HP: 48/57 MP: 13/14
  7064 | D:6      | Reached skill level 6 in Fire Magic
  7068 | D:6      | Reached skill level 1 in Polearms
  7411 | D:6      | Found a shimmering blue altar of Sif Muna.
  7413 | D:6      | Found an ancient bone altar of Kikubaaqudgha.
  7468 | D:6      | Reached skill level 5 in Spellcasting
  7775 | D:6      | Became a worshipper of Sif Muna the Loreminder
  7822 | Temple   | Entered the Ecumenical Temple
  7928 | D:7      | Noticed Pikel
  7928 | D:7      | Noticed Maggie
  8116 | D:7      | Gained mutation: You have large cloven feet. [demonic
                  | ancestry]
  8116 | D:7      | Reached XP level 9. HP: 64/64 MP: 16/16
  8122 | D:6      | Killed Pikel
  8123 | D:6      | Reached skill level 5 in Conjurations
  8123 | D:6      | Reached skill level 7 in Fire Magic
  8146 | D:7      | HP: 3/65 [Maggie/+2 morningstar of flaming (2)]
  8146 | D:7      | Slain by a steam dragon

Illustrated notes

Levels and vault maps discovered:
D:1:      evilmike_arrival_hilbert_curve, layout_basic, st_stairs_4
D:2:      layout_loops_ring, nicolae_titane
D:3:      layout_basic, elyvilon_altar_4
D:4:      layout_loops_corners, enter_ossuary_5, st_stairs_6,
          minmay_misc_feat_nine_boxes
D:5:      layout_gridville, minmay_temple_entry_statues_fountains,
          serial_rivers, chequers_serial_rivers_micro_b,
          chequers_serial_rivers_small_b, chequers_serial_rivers_micro_e,
          chequers_serial_rivers_room_a, chequers_serial_rivers_small_a,
          chequers_serial_rivers_small_b
D:6:      old_forge, layout_basic, gammafunk_temple_overflow_pools,
          tso_oasis_becter
D:7:      layout_rooms, roderic_lattice_a, kennysheep_small_circle, uniq_pikel,
          uniq_maggie
Temple:   dpeg_three_leaves_temple

Skill      XL: |  1  2  3  4  5  6  7  8  9 |
---------------+----------------------------+-----
Dodging        | 2 3 4 |  4.2
Fire Magic     | 3 4 5 6 7 |  7.1
Conjurations   | 2 3 4 5 |  5.0
Stealth        | 2 3 |  3.2
Spellcasting   | 3 4 5 |  5.5
Fighting       | 1 2 3 |  3.7
Polearms       | 1 |  1.2

Action                   |  1- 3 |  4- 6 |  7- 9 || total
-------------------------+-------+-------+-------++-------
Melee: Dagger            |    11 |     4 |       ||    15
       Trident           |       |     4 |    26 ||    30
 Cast: Foxfire           |   142 |   121 |    67 ||   330
       Scorch            |     6 |    21 |    34 ||    61
  Use: Potion            |       |     1 |       ||     1
       Scroll            |       |     5 |     7 ||    12
 Stab: Sleeping          |       |       |     2 ||     2
Armor: Robe              |     9 |     1 |     8 ||    18
Dodge: Dodged            |    25 |    17 |    44 ||    86

Table legend: (Time is in decaauts)
 A = Elapsed time spent in this place.
 B = Non-inter-level travel time spent in this place.
 C = Inter-level travel time spent in this place.
 D = Time resting spent in this place.
 E = Time spent auto-exploring this place.
 F = Levels seen in this place.
 G = Mean time per level.
                   A        B        C        D        E       F      G
               +--------+--------+--------+--------+--------+-----+--------+
         Total |   8169 |   7955 |    214 |      0 |   6735 |   9 |  907.7 |
       Dungeon |   7067 |   6867 |    200 |      0 |   5987 |   7 | 1009.6 |
        Temple |     88 |     74 |     14 |      0 |     65 |   1 |   88.0 |
       Ossuary |   1013 |   1013 |      0 |      0 |    683 |   1 | 1013.0 |
               +--------+--------+--------+--------+--------+-----+--------+

Top non-repeatable levels by time:
     D:6: 1433 daAuts
     D:1: 1299 daAuts
     D:5: 1218 daAuts
     D:3: 1080 daAuts
 Ossuary: 1013 daAuts
     D:4: 930 daAuts
     D:2: 928 daAuts
     D:7: 176 daAuts
  Temple: 88 daAuts
